 Dungeon Crawl Stone Soup version 0.24.0-37-gcf1ca852f1 (webtiles) character file.

Game seed: 12656924918553848461, levelgen mode: deterministic

69478 PentaManta the Covert (level 15, -6/108 HPs)
             Began as an Octopode Fighter on Dec 5, 2019.
             Was the Champion of Dithmenos.
             Mangled by a redback (15 damage)
             ... on level 2 of the Lair of Beasts.
             The game lasted 01:23:33 (30100 turns).

PentaManta the Covert (Octopode Fighter)           Turns: 30100, Time: 01:23:34

Health: -6/108     AC:  1    Str: 25    XL:     15   Next: 30%
Magic:  29/29      EV: 10    Int: 11    God:    Dithmenos [******]
Gold:   2080       SH:  0    Dex: 17    Spells: 14/14 levels left

rFire    + . .     SeeInvis .   U - +8 autumn katana {slice, Clar}
rCold    . . .     Gourm    .   J - +1 large shield
rNeg     + . .     Faith    .   (helmet restricted)
rPois    +         Spirit   .   a - +6 amulet of reflection
rElec    .         Reflect  +   x - ring of protection from magic
rCorr    +         Harm     .   I - +5 ring of strength
MR       ++...     Clarity  +   R - ring of resist corrosion
Stlth    ++++++++++             f - ring of flight
HPRegen  0.28/turn              m - ring of Buhit {+Inv rPois MP+9 Str+4}
MPRegen  0.21/turn              z - ring of positive energy
                                E - ring of protection from fire
                                (no ring)

@: held, wreathed by umbra
A: almost no armour, stealthy swim, amphibious, 8 rings, constrict 8, camouflage
1, gelatinous body 1
a: Shadow Step, Shadow Form, Renounce Religion, Evoke Invisibility, Evoke Flight


You were on level 2 of the Lair of Beasts.
You worshipped Dithmenos.
Dithmenos was exalted by your worship.
You were near starving.

You visited 7 branches of the dungeon, and saw 26 of its levels.

You collected 2528 gold pieces.
You spent 448 gold pieces at shops.

Inventory:

Hand Weapons
 w - the +3 sling "Punk" {acid, rCorr}
   (You found it on level 4 of the Dungeon)

   It provides partial protection from all sources of acid and corrosion.
 S - a +2 long sword of holy wrath
 T - the +4 rapier of Ash {pierce, *Slow rC+++ MR- Dex+4}
   (You found it on level 4 of the Lair of Beasts)

   It inflicts extra damage upon your enemies.
   It affects your dexterity (+4).
   It renders you almost immune to cold.
   It affects your resistance to hostile enchantments.
   It may slow you when you take damage.
 U - the +8 autumn katana (weapon) {slice, Clar}
   (You acquired it on level 5 of the Lair of Beasts)

   It inflicts extra damage upon your enemies.
   It protects you against confusion.
 W - a +0 dagger of electrocution
Missiles
 g - 576 stones (quivered)
 v - 5 throwing nets
 C - 9 curare-tipped darts
Armour
 J - a +1 large shield (worn)
Jewellery
 a - a +6 amulet of reflection (around mantle)
 f - a ring of flight (on tentacle)
 m - the ring of Buhit (on tentacle) {+Inv rPois MP+9 Str+4}
   (You acquired it on level 3 of the Lair of Beasts)

   [ring of magical power]

   It affects your strength (+4).
   It protects you from poison.
   It affects your magic capacity (+9).
   It lets you turn invisible.
 q - an uncursed ring of fire
 x - a ring of protection from magic (left tentacle)
 z - a ring of positive energy (on tentacle)
 E - a ring of protection from fire (on tentacle)
 F - an uncursed ring of fire
 G - an uncursed ring of magical power
 I - a +5 ring of strength (right tentacle)
 P - the ring "Rorad" {+Inv Str+7 Slay-2 SInv Stlth-}
   (You bought it in a shop on level 5 of the Dungeon)

   [ring of attention]

   It affects your strength (+7).
   It affects your accuracy and damage with ranged weapons and melee attacks
   (-2).
   It lets you see invisible.
   It lets you turn invisible.
   It makes you less stealthy.
 Q - the ring "Zuxzionni" {Ice rN+}
   (You acquired it on level 6 of the Lair of Beasts)

   [ring of ice]

   It enhances your ice magic.
   It makes you vulnerable to fire.
   It protects you from cold.
   It protects you from negative energy.
 R - a ring of resist corrosion (on tentacle)
Wands
 l - a wand of polymorph (15)
 n - a wand of iceblast (30)
 t - a wand of scattershot (2)
 L - a wand of acid (10)
 V - a wand of paralysis (8)
Scrolls
 e - 3 scrolls of enchant weapon
 h - 9 scrolls of teleportation
 i - 5 scrolls of immolation
 j - 4 scrolls of magic mapping
 p - 3 scrolls of amnesia
 r - 7 scrolls of fog
 u - 4 scrolls of blinking
 y - 6 scrolls of identify
 B - 7 scrolls of remove curse
 D - 2 scrolls of fear
 Z - 3 scrolls of vulnerability
Potions
 c - 3 potions of might
 k - 3 potions of brilliance
 o - 3 potions of mutation
 s - a potion of magic
 A - 3 potions of lignification
 M - a potion of flight
 O - a potion of cancellation
 X - a potion of haste
 Y - 2 potions of invisibility
Miscellaneous
 K - a phantom mirror
Comestibles
 d - 39 rations


   Skills:
 + Level 12.0 Fighting
 - Level 12.2 Long Blades
 + Level 11.9 Dodging
 - Level 13.4 Stealth
 + Level 12.0 Shields
 + Level 6.9 Invocations
 + Level 6.8 Evocations


You had 14 spell levels left.
You didn't know any spells.
Your spell library contained the following spells:

 Spells                   Type           Power        Failure   Level  Hunger
 Apportation              Tloc           #.....       88%         1    ##.....
 Confusing Touch          Hex            #.....       88%         1    ##.....
 Magic Dart               Conj           #...         88%         1    ##.....
 Summon Butterflies       Summ           #.......     88%         1    ##.....
 Blink                    Tloc           N/A          96%         2    ###....
 Call Imp                 Summ           #.......     96%         2    ###....
 Slow                     Hex            #.......     96%         2    ###....
 Confuse                  Hex            #.......     99%         3    ####...
 Conjure Flame            Conj/Fire      #.......     99%         3    ####...
 Gell's Gravitas          Tloc           #.........   99%         3    ####...
 Lesser Beckoning         Tloc           #.........   99%         3    ####...
 Mephitic Cloud           Conj/Pois/Air  #.......     99%         3    ####...
 Tukima's Dance           Hex            #.......     99%         3    ####...
 Ice Form                 Ice/Tmut       #.......     100%        4    #####..
 Petrify                  Tmut/Erth      #.......     100%        4    #####..
 Alistair's Intoxication  Tmut/Pois      #.......     100%        5    ######.
 Metabolic Englaciation   Hex/Ice        #.........   100%        5    ######.
 Yara's Violent Unravell  Hex/Tmut       #.........   100%        5    ######.
 Bolt of Cold             Conj/Ice       #.........   100%        6    #######
 Freezing Cloud           Conj/Ice/Air   #.........   100%        6    #######
 Invisibility             Hex            #.......     100%        6    #######
 Ozocubu's Refrigeration  Ice            #.........   100%        6    #######
 Simulacrum               Ice/Necr       #.........   100%        6    #######


Dungeon Overview and Level Annotations

Branches:
Dungeon (14/15)            Temple (1/1) D:7            Lair (6/6) D:9
  Swamp (1/4) Lair:4       Spider (1/4) Lair:2        Slime (0/5) Lair:6
    Orc (2/2) D:11            Elf (1/3) Orc:2        Vaults (0/5) D:13

Altars:
Ashenzari
Cheibriados
Dithmenos
Elyvilon
Fedhas
Gozag
Hepliaklqana
Kikubaaqudgha
Makhleb
Nemelex Xobeh
Okawaru
Qazlal
Ru
Sif Muna
Trog
Uskayaw
Vehumet
Wu Jian
Xom
Yredelemnul
Zin
The Shining One
Beogh
Jiyva

Shops:
D:5 =   D:11 (   Orc:2 [[*[

Portals:
Hell: Lair:6

Annotations:
D:12 exclusion: door


Innate Abilities, Weirdness & Mutations

You cannot wear most types of armour.
You are very stealthy in the water. (Stealth+)
You are amphibious.
You can wear up to eight rings at the same time.
You can use your tentacles to constrict eight enemies at once.
Your skin changes colour to match your surroundings (Stealth+).
Your rubbery body absorbs attacks. (AC +1, EV +1)


Message History

There is a hole to the Spider Nest here.
You hit the tarantella.
You kill the tarantella!
Dithmenos accepts your kill. The jumping spider closely misses you.
You riposte.
You slash the jumping spider! You grab the jumping spider.
You squeeze the jumping spider, but do no damage.
The jumping spider is heavily wounded.
You block the jumping spider's attack. The wolf spider hits you!!
* * * LOW HITPOINT WARNING * * *
You block the wolf spider's attack. You block the redback's attack.
You hit the wolf spider. You grab the wolf spider.
The wolf spider is lightly wounded.
You constrict the jumping spider. You constrict the wolf spider.
You block the wolf spider's attack. x2; The jumping spider pounces on you.
* * * LOW HITPOINT WARNING * * *
You are caught in a web!
The jumping spider bites you!
* * * LOW HITPOINT WARNING * * *
The redback bites you!
You die...

..##.#P##......#.##.##.#.........
.###.............................
## #........#.#.########.P.P####P
##.#.P..##≈###≈#####..########
####.#P...≈≈≈.≈≈≈.≈....#P##... #
#........≈.≈≈.≈≈.≈............ #
########.≈≈.≈.≈.≈≈............ #
######.##≈≈≈s..≈≈≈≈##...###... #
#............@.....###...##.## #
#...>....≈≈≈s.s≈≈≈............ #
##[P###.#≈≈.≈.≈.≈≈P.######.###
##.####.#≈.≈≈.≈≈.≈##### ##.#.
#..[......≈≈≈.≈≈≈.P#PP####P..#
####.............................
............)....................
###.#...####..#..##.......##.#..#
###.#...###.#..######.^##########


You could see a wolf spider, a jumping spider and a redback.

Vanquished Creatures
  A stone giant (Orc:1)
  Harold (D:9)
  An ogre mage (D:13)
  6 hydras
  A queen ant (Lair:3)
  A dancing weapon (Elf:1)
  4 two-headed ogres
  A sun demon (Lair:6)
  An unseen horror (D:12)
  2 wizards
  10 orc knights
  3 ugly things
  4 deep elf magi
  4 oklob plants (Lair:4)
  2 cyclopes
  A wolf spider (Spider:1)
  An elephant (Lair:6)
  2 centaur zombies (D:11)
  Joseph (D:9)
  6 black mambas
  3 orange demons (Lair:6)
  3 gargoyles
  8 spiny frogs
  2 kobold demonologists (D:11)
  18 rime drakes
  A demonic crawler (Spider:1)
  2 komodo dragons (Lair:6)
  A hellwing (Lair:6)
  A jumping spider (Spider:1)
  2 ice devils (Lair:6)
  2 queen bees
  4 trolls
  2 meliai (D:12)
  3 tyrant leeches
  2 hornets
  3 polar bears
  A dream sheep (Lair:6)
  15 blink frogs
  7 hippogriffs
  4 slime creatures
  3 tarantellas
  2 wyverns
  36 yaks
  A basilisk (Lair:4)
  8 steam dragons
  2 hungry ghosts (D:11)
  8 wargs
  5 soldier ants (Lair:3)
  A swamp worm (Lair:4)
  2 acid dragons
  3 hell hounds (Lair:6)
  8 water moccasins
  3 porcupines
  28 orc warriors
  4 sky beasts
  3 ice beasts
  4 black bears (Lair:2)
  A hornet zombie (D:13)
  A necrophage (D:9)
  An eye of draining (D:11)
  3 phantoms
  10 ogres
  3 centaurs
  16 wolves
  4 big kobolds
  11 crocodiles
  9 bullfrogs
  Blork the orc (D:4)
  2 troll zombies (D:11)
  A wyvern skeleton (D:12)
  6 scorpions
  55 killer bees
  11 wights
  6 howler monkeys
  2 bullfrog zombies
  A crimson imp (D:9)
  4 jellies
  13 orc priests
  16 orc wizards
  2 bullfrog skeletons
  2 centaur skeletons
  A gnoll shaman (D:5)
  5 hounds
  Jessica (D:3)
  7 iguanas
  18 worker ants
  6 ogre zombies (D:11)
  A hound skeleton (D:4)
  A worker ant zombie (D:9)
  9 gnolls
  A howler monkey skeleton (D:8)
  10 adders
  2 shadow imps
  An adder skeleton (D:9)
  3 worms
  2 dart slugs
  6 leopard geckos
  81 orcs
  11 goblins
  11 hobgoblins
  14 jackals
  15 quokkas
  9 bats
  10 frilled lizards
  2 goblin zombies (D:11)
  A hobgoblin skeleton (D:11)
  2 hobgoblin zombies (D:11)
  13 kobolds
  A leopard gecko skeleton (D:4)
  2 leopard gecko zombies
  An orc skeleton (D:11)
  19 orc zombies (D:11)
  3 quokka zombies
  4 rats
  A fungus (Lair:6)
  A plant (Lair:4)
714 creatures vanquished.

Vanquished Creatures (collateral kills)
  A water moccasin (Lair:6)
1 creature vanquished.

Vanquished Creatures (others)
  2 orc warriors (Orc:2)
  A centaur (D:10)
  2 orcs (Orc:2)
  A kobold (D:12)
  A bush (Lair:6)
  18 fungi
  8 plants
33 creatures vanquished.

Grand Total: 748 creatures vanquished

Notes
Turn   | Place    | Note
-------+----------+-------------------------------------------
     0 | D:1      | PentaManta the Octopode Fighter began the quest for the
                  | Orb.
     0 | D:1      | Reached XP level 1. HP: 16/16 MP: 1/1
     8 | D:1      | Noticed a merfolk zombie
   315 | D:1      | Reached XP level 2. HP: 14/21 MP: 2/2
  1397 | D:2      | Reached XP level 3. HP: 26/26 MP: 3/3
  1934 | D:2      | Reached XP level 4. HP: 15/31 MP: 4/4
  1938 | D:2      | Reached skill level 1 in Stealth
  2588 | D:3      | Found a hazy altar of Hepliaklqana.
  2694 | D:3      | Noticed Jessica
  2694 | D:3      | Noticed a big kobold
  2754 | D:3      | Killed a big kobold
  2754 | D:3      | Reached skill level 2 in Stealth
  2754 | D:3      | Reached XP level 5. HP: 19/36 MP: 5/5
  3047 | D:3      | Killed Jessica
  3162 | D:4      | Found the +3 sling "Punk" {acid, rCorr}
  3325 | D:4      | Noticed a phantom
  3414 | D:4      | Killed a phantom
  3414 | D:4      | Reached skill level 3 in Stealth
  3414 | D:4      | Reached XP level 6. HP: 22/43 MP: 6/6
  3860 | D:4      | Noticed Blork the orc
  3871 | D:4      | Killed Blork the orc
  3871 | D:4      | Reached XP level 7. HP: 38/48 MP: 7/7
  3950 | D:4      | Reached skill level 4 in Stealth
  4082 | D:5      | Entered Level 5 of the Dungeon
  4082 | D:5      | Found Afreacul's Jewellery Emporium.
  4517 | D:5      | Reached skill level 5 in Long Blades
  4939 | D:5      | Reached XP level 8. HP: 54/54 MP: 8/8
  4960 | D:5      | Reached skill level 5 in Stealth
  5456 | D:6      | Found a radiant altar of Vehumet.
  5557 | D:6      | Found a sacrificial altar of Ru.
  5680 | D:6      | Found a stormy altar of Qazlal.
  5800 | D:6      | Found a burning altar of Makhleb.
  5863 | D:6      | Reached skill level 5 in Fighting
  5863 | D:6      | Reached skill level 5 in Shields
  5871 | D:6      | Reached skill level 5 in Dodging
  6286 | D:6      | Reached skill level 6 in Stealth
  7410 | D:7      | Reached XP level 9. HP: 36/61 MP: 9/9
  7600 | D:7      | Found a snail-covered altar of Cheibriados.
  7690 | D:7      | Found a staircase to the Ecumenical Temple.
  8252 | D:8      | Noticed a two-headed ogre
  8539 | Temple   | Entered the Ecumenical Temple
  8545 | Temple   | Became a worshipper of Dithmenos the Shadowed
  9379 | D:8      | Reached skill level 7 in Stealth
  9921 | D:8      | Noticed a two-headed ogre
 10295 | D:8      | Killed a two-headed ogre
 10295 | D:8      | Reached skill level 8 in Stealth
 10295 | D:8      | Reached XP level 10. HP: 22/69 MP: 10/10
 10859 | D:8      | Killed a two-headed ogre
 11084 | D:9      | Reached skill level 9 in Stealth
 11109 | D:9      | Reached * piety under Dithmenos
 11807 | D:9      | Noticed a two-headed ogre
 12152 | D:9      | Noticed Joseph
 12158 | D:9      | Killed Joseph
 12425 | D:9      | Found a shimmering altar of Xom.
 12468 | D:9      | Noticed Harold
 12479 | D:9      | Killed Harold
 12479 | D:9      | Reached skill level 10 in Stealth
 12479 | D:9      | Reached XP level 11. HP: 71/77 MP: 11/11
 12680 | D:9      | Reached ** piety under Dithmenos
 12915 | D:9      | Found a staircase to the Lair.
 12951 | D:10     | Entered Level 10 of the Dungeon
 13267 | D:5      | Bought the ring "Rorad" {+Inv Str+7 Slay-2 SInv Stlth-} for
                  | 448 gold pieces
 13687 | D:11     | Found a staircase to the Orcish Mines.
 13990 | D:11     | Reached *** piety under Dithmenos
 14388 | D:11     | Reached skill level 11 in Stealth
 14537 | D:11     | Reached **** piety under Dithmenos
 14691 | D:11     | Noticed a red ugly thing
 14720 | D:11     | Found Iweifar's Weapon Shoppe.
 14830 | D:11     | Killed a red ugly thing
 14830 | D:11     | Reached XP level 12. HP: 84/85 MP: 12/12
 15420 | D:12     | Reached skill level 12 in Stealth
 15707 | D:12     | Reached ***** piety under Dithmenos
 16375 | D:12     | Reached skill level 10 in Long Blades
 17075 | D:13     | Noticed a two-headed ogre
 17132 | D:13     | Found a gate to the Vaults.
 17132 | D:13     | Noticed a two-headed ogre
 17133 | D:13     | Noticed an ogre mage
 17143 | D:13     | Killed an ogre mage
 17188 | D:13     | Killed a two-headed ogre
 17197 | D:13     | Killed a two-headed ogre
 17197 | D:13     | Reached skill level 10 in Shields
 17519 | D:13     | Reached skill level 10 in Fighting
 17519 | D:13     | Reached skill level 10 in Dodging
 17699 | D:13     | Reached skill level 13 in Stealth
 17699 | D:13     | Reached XP level 13. HP: 57/92 MP: 13/13
 18274 | Lair:1   | Entered Level 1 of the Lair of Beasts
 18425 | Lair:1   | You fall into a shaft and drop 1 floor!
 18452 | Lair:2   | Found a hole to the Spider Nest.
 19367 | Lair:3   | HP: 4/93 [rime drake/flash freeze (25)]
 19576 | Lair:3   | Identified a scroll of acquirement
 19577 | Lair:3   | Got a crude silver ring
 19578 | Lair:3   | Identified the ring of Buhit {+Inv rPois MP+9 Str+4} (You
                  | acquired it on level 3 of the Lair of Beasts)
 19909 | Lair:2   | Reached skill level 1 in Evocations
 19942 | Lair:2   | Reached skill level 1 in Invocations
 22141 | Lair:3   | Reached ****** piety under Dithmenos
 22664 | Lair:4   | HP: 4/94 [seven-headed hydra (2)]
 23562 | Lair:5   | Reached XP level 14. HP: 35/99 MP: 16/16
 23843 | Lair:5   | Found the +8 autumn katana {slice, Clar}
 23969 | Lair:4   | Found a staircase to the Swamp.
 25304 | Lair:6   | Entered Level 6 of the Lair of Beasts
 25556 | Lair:4   | Got a warped rapier
 25630 | Lair:5   | Identified the +4 rapier of Ash {pierce, *Slow rC+++ MR-
                  | Dex+4} (You found it on level 4 of the Lair of Beasts)
 25815 | Lair:6   | Got a vibrating marble ring
 25816 | Lair:6   | Identified the ring "Zuxzionni" {Ice rN+} (You acquired it
                  | on level 6 of the Lair of Beasts)
 25826 | Lair:6   | Reached skill level 5 in Evocations
 25913 | Lair:6   | Reached skill level 5 in Invocations
 25989 | Lair:6   | Found a viscous altar of Jiyva.
 25989 | Lair:6   | Found a staircase to the Slime Pits.
 26351 | Lair:6   | Found a burning altar of Makhleb.
 26593 | Lair:6   | Found a gateway to Hell.
 27068 | Orc:1    | Entered Level 1 of the Orcish Mines
 27241 | Orc:2    | Entered Level 2 of the Orcish Mines
 27565 | Orc:1    | HP: 4/101 [orc knight/+3 dire flail (18)]
 27973 | Orc:2    | Found a staircase to the Elven Halls.
 28194 | Orc:1    | Noticed a stone giant
 28199 | Orc:1    | Reached XP level 15. HP: 64/108 MP: 19/19
 28763 | Orc:2    | Found Geegu's Assorted Antiques.
 28763 | Orc:2    | Found Oful's Armour Boutique.
 28802 | Orc:2    | Found a roughly hewn altar of Beogh.
 28920 | Orc:2    | Found Weproeck's Antique Armour Shoppe.
 28920 | Orc:2    | Found Nyas's Armour Boutique.
 29532 | Elf:1    | Entered Level 1 of the Elven Halls
 29893 | Swamp:1  | Entered Level 1 of the Swamp
 30078 | Spider:1 | Entered Level 1 of the Spider Nest
 30100 | Lair:2   | Mangled by a redback

Levels and vault maps discovered:
D:1:      shiori_arrival_whats_in_store_for_you, layout_rooms,
          minmay_tree_intersection
D:2:      layout_basic, first_ration
D:3:      layout_loops_cross, nicolae_overflow_crystal_walls, uniq_jessica
D:4:      layout_cave_pools, uniq_blork_the_orc
D:5:      layout_loops_ring, minmay_shop_grid_forest
D:6:      layout_loops_corners, makhleb_heckhound_becter, kennysheep_mini_moat,
          lemuel_coloured_pillars_altar, basic_altar
D:7:      layout_basic, kennysheep_mini, minmay_temple_entry_from_below_b
D:8:      layout_loops_corners
D:9:      layout_basic, old_standard_altar, lair_entry_dummy,
          serial_corexii_hall, corexii_hall_statues_i, corexii_hall_statues_l,
          chequers_hall_statues_wall_a, chequers_hall_statues_y, david_nohive_1,
          corexii_checkpoint_b, uniq_harold, uniq_joseph
D:10:     layout_rooms, glass_columns_a
D:11:     layout_loops_corners, zombieorc2_lemuel, serial_shops, shop
D:12:     layout_roguey, special_room [special_room_bee], laboratory
D:13:     layout_loops_ring, david_vaults_2
D:14:     layout_irregular_city, minmay_shop_mayhem
Temple:   nicolae_temple_x_marks_the_god
Lair:1:   layout_cave_pods, st_stairs_7, serial_bayou_shore_b
Lair:2:   beast_lair_carwin_large_2, layout_long_grid, spider_nest_entry_a,
          special_room, bobbens_dragon_lair_wall
Lair:3:   layout_gridlike, wad_woods_antlair, grunt_megastairs_4
Lair:4:   layout_long_grid, minmay_swamp_entry_worms, minmay_lair_oklob_chamber
Lair:5:   layout_regular_city, grunt_megastairs_3, lemuel_fruit_tree
Lair:6:   evil_forest, layout_gridlike, slime_altar_1, infiniplex_staircase_pool
Swamp:1:  layout_falls_marsh, evilmike_swamp_ruin_house_5
Spider:1: layout_spider_delve, hive_lemuel
Orc:1:    layout_diamond_mine
Orc:2:    st_orc_town, layout_caves, mines5_lemuel
Elf:1:    eino_elf_arrival_shootout, layout_onion_city, minmay_elf_annihilation,
          nicolae_elf_v_pinch, drop_trap

Skill      XL: |  1  2  3  4  5  6  7  8  9 10 11 12 13 14 15 |
---------------+----------------------------------------------+-----
Long Blades    | 3 4 5 6 7 8 9 10 11 12 | 12.2
Stealth        | 2 3 4 6 8 10 11 13 | 13.4
Fighting       | 4 5 6 7 9 10 11 12 | 12.0
Dodging        | 4 5 6 7 9 10 11 | 11.9
Shields        | 4 5 6 8 9 10 11 12 | 12.0
Evocations     | 3 6 |  6.8
Invocations    | 3 6 |  6.9

Action                   |  1- 3 |  4- 6 |  7- 9 | 10-12 | 13-15 || total
-------------------------+-------+-------+-------+-------+-------++-------
Melee: Long sword        |    43 |       |     1 |       |       ||    44
       Constrict         |    25 |    20 |    65 |   131 |   117 ||   358
       Tentacles         |    18 |    23 |    63 |   219 |   281 ||   604
       Dagger            |    40 |    93 |   162 |    14 |    15 ||   324
       Rapier            |       |    10 |    80 |       |    26 ||   116
       Scimitar          |       |       |    40 |   677 |   383 ||  1100
       Katana            |       |       |       |       |   397 ||   397
 Fire: Fustibalus        |       |    12 |    26 |     8 |    22 ||    68
Throw: Stone             |       |       |     4 |    30 |     2 ||    36
       Dart              |       |       |       |     4 |     8 ||    12
 Abil: Evoke Invisibilit |       |       |       |       |    14 ||    14
       Evoke Flight      |       |       |       |       |     1 ||     1
Evoke: Lamp of fire      |       |       |       |       |     1 ||     1
  Use: Scroll            |       |    11 |     1 |     2 |    23 ||    37
       Potion            |       |       |     7 |     3 |     4 ||    14
 Stab: Sleeping          |     5 |     8 |    16 |    49 |    40 ||   118
       Distracted        |       |     1 |       |     3 |     6 ||    10
       Invisible         |       |       |       |       |    36 ||    36
  Eat: Chunk             |     3 |     6 |     7 |    11 |    26 ||    53
       Ration            |       |       |     4 |     4 |     5 ||    13
Armor: Skin              |     6 |     3 |     1 |     4 |     9 ||    23
Dodge: Dodged            |    40 |    32 |   158 |   270 |   412 ||   912
Block: Shield            |    40 |    34 |   167 |   564 |   723 ||  1528
       Reflection        |       |       |       |     9 |    53 ||    62
       Large shield      |       |       |       |       |    26 ||    26
       Rpst.: Long sword |     6 |       |       |       |       ||     6
       Scimitar          |       |       |    13 |    80 |    44 ||   137
       Katana            |       |       |       |       |    26 ||    26
